 Dungeon Crawl Stone Soup version 0.27.1-33-g824d729ab1 (webtiles) character file.

Game seed: 12982664855989937323

164 Adrian566 the Ruffian (level 5, 0/41 HPs)
             Began as a Draconian Transmuter on Dec 7, 2021.
             Killed from afar by a dart slug (2 damage)
             ... with a slug dart
             ... on level 3 of the Dungeon.
             The game lasted 00:10:25 (3323 turns).

Adrian566 the Ruffian (Draconian Transmuter)        Turns: 3323, Time: 00:10:25

Health: 0/41       AC:  5    Str: 13    XL:     5   Next: 21%
Magic:  8/8        EV: 16    Int: 13    God:
Gold:   33         SH:  0    Dex: 12    Spells: 7/8 levels left

rFire    . . .     SeeInvis .   d - +1 dagger (freeze)
rCold    . . .     Faith    .   (no shield)
rNeg     . . .     Spirit   .   (armour unavailable)
rPois    .         Reflect  .   (helmet restricted)
rElec    .         Harm     .   (no cloak)
rCorr    .         Rampage  .   (no gloves)
Will     .....                  (no boots)
Stlth    ++........             (no amulet)
HPRegen  0.13/turn              f - +4 ring of evasion
MPRegen  0.11/turn              (no ring)

@: attractive, hasted, very quick
A: AC +5, unfitting armour, cold-blooded
a: no special abilities


You were on level 3 of the Dungeon.
You visited 1 branch of the dungeon, and saw 3 of its levels.

You collected 33 gold pieces.

Inventory:

Hand Weapons
 c - a +0 club
 d - a +1 dagger of freezing (weapon)
Jewellery
 f - a +4 ring of evasion (left hand)
Scrolls
 a - 3 scrolls of amnesia {unknown}
 e - 3 scrolls of teleportation {unknown}


   Skills:
 + Level 1.7 Fighting
 + Level 0.8 Short Blades
 + Level 1.7 Maces & Flails
 + Level 2.8 Dodging
 + Level 1.3 Stealth
 + Level 3.9 Unarmed Combat
 + Level 2.3 Spellcasting
 + Level 2.2 Transmutations


You had 7 spell levels left.
You knew the following spells:

 Your Spells              Type           Power      Damage    Failure   Level
a - Beastly Appendage     Tmut           14%        N/A       10%         1

Your spell library contained the following spells:

 Spells                   Type           Power      Damage    Failure   Level
 Wereblood                Tmut           7%         N/A       14%         2
 Spider Form              Tmut/Pois      2%         N/A       43%         3
 Ice Form                 Ice/Tmut       4%         N/A       83%         4
 Iskenderun's Battlesphe  Conj           1%         2d6       100%        5
 Iron Shot                Conj/Erth      0%         9d1       100%        6
 Spellforged Servitor     Conj/Summ      0%         N/A       100%        7


Dungeon Overview and Level Annotations

Branches:
Dungeon (3/15)

Altars:
Fedhas
Makhleb
Trog

Annotations:
D:3 1 transporter


Innate Abilities, Weirdness & Mutations

Your plain brown scales are hard. (AC +5)
You cannot fit into any form of body armour.
You are cold-blooded and may be slowed by cold attacks.


Message History

The goblin hits you with a +0 short sword.
You hit the ogre. You freeze the ogre.
The ogre is severely wounded.
The ogre misses you. The dart slug misses you.
The goblin hits you but does no damage.
The goblin unwields a +0 short sword.
The goblin wields a +0 hunting sling.
The goblin shoots a stone.
The stone hits you.
The goblin shoots a stone.
The stone closely misses you. The dart slug launches a dart at you.
The slug dart hits you but does no damage.
The ogre misses you.
You hit the ogre. You freeze the ogre.
The ogre is almost dead.
The ogre hits you with a +0 giant club!!
Ouch! That really hurt!
* * * LOW HITPOINT WARNING * * *
The goblin shoots a stone.
The stone hits you.
* * * LOW HITPOINT WARNING * * *
It was a potion of attraction.
You feel attractive to monsters.
The dart slug bites you but does no damage.
The ogre barely misses you.
The goblin shoots a stone.
The stone completely misses you.
Things that are here:
a +0 dagger; a goblin corpse It was a potion of haste.
You feel yourself speed up. The ogre closely misses you.
The goblin shoots a stone.
The stone misses you.
The goblin shoots a stone.
The stone misses you. The ogre is pulled toward you!
The goblin is pulled toward you!
A rat comes into view.
The ogre is pulled toward you! The goblin is pulled toward you!
The rat is pulled toward you! The rat is pulled toward you!
The dart slug is pulled toward you! The rat closely misses you.
The ogre is pulled toward you! The dart slug is pulled toward you!
The goblin is pulled toward you!
You see here 7 gold pieces.
The dart slug launches a dart at you. The slug dart hits you.
You die...

#..........# ..... .
#..........###.....
.##.................
..................#
#................# .#
#...............##.#
..#..........wr...#..####
.........).....$.........
.............g.O@.......>
...#....##....####.......
........#..#.#####>......
...##......#.............
......./......####.......
....#...##...#........###
.:..#...#...##........#
... #.####........# ..
.... #.........#


You could see an ogre, a dart slug, a goblin and a rat.

Vanquished Creatures
  An iguana (D:3)
  6 adders
  2 worms (D:2)
  2 dart slugs
  4 bats
  8 endoplasms
  2 giant cockroaches
  8 goblins
  5 hobgoblins
  8 jackals
  9 kobolds
  A quokka (D:1)
  4 ball pythons
  4 frilled lizards
  3 rats
67 creatures vanquished.

Notes
Turn   | Place    | Note
-------+----------+-------------------------------------------
     0 | D:1      | Adrian566 the Draconian Transmuter began the quest for the
                  | Orb.
     0 | D:1      | Reached XP level 1. HP: 16/16 MP: 3/3
    28 | D:1      | Found a faded altar of an unknown god.
   133 | D:1      | Reached XP level 2. HP: 23/23 MP: 3/5
   755 | D:1      | Reached XP level 3. HP: 28/28 MP: 6/6
  2356 | D:2      | Reached XP level 4. HP: 30/35 MP: 7/7
  2606 | D:2      | Reached skill level 1 in Maces & Flails
  2632 | D:2      | Reached skill level 1 in Stealth
  2873 | D:2      | Found a blossoming altar of Fedhas.
  3016 | D:3      | Found a transporter.
  3045 | D:3      | Found a bloodstained altar of Trog.
  3046 | D:3      | Found a burning altar of Makhleb.
  3096 | D:3      | Reached XP level 5. HP: 19/41 MP: 8/8
  3299 | D:3      | Noticed an ogre
  3312 | D:3      | HP: 2/41 [ogre (23)]
  3323 | D:3      | Killed from afar by a dart slug

Illustrated notes

Levels and vault maps discovered:
D:1:      mrwooster_arrival_arrow, layout_loops_ring, basic_ecumenical_altar
D:2:      layout_loops_corners, basic_altar
D:3:      layout_rooms, gammafunk_temple_overflow_arena

Skill      XL: |  1  2  3  4 |
---------------+-------------+-----
Dodging        | 2 |  2.8
Maces & Flails | 1 |  1.7
Stealth        | 1 |  1.3
Fighting       | |  1.7
Short Blades   | |  0.8
Unarmed Combat | |  3.9
Spellcasting   | |  2.3
Transmutations | |  2.2

Action                   |  1- 3 |  4- 6 || total
-------------------------+-------+-------++-------
Melee: Unarmed           |    73 |       ||    73
       Headbutt          |     7 |       ||     7
       Kick              |     6 |       ||     6
       Tailslap          |    15 |    14 ||    29
       Club              |    57 |       ||    57
       Dagger            |    19 |   116 ||   135
       Punch             |     3 |     1 ||     4
 Cast: Beastly Appendage |     8 |       ||     8
  Use: Potion            |     1 |     2 ||     3
 Stab: Sleeping          |     1 |     1 ||     2
       Distracted        |     1 |       ||     1
Armor: Skin              |    33 |    34 ||    67
Dodge: Dodged            |    86 |    86 ||   172
